 Dungeon Crawl Stone Soup version 0.18.1-48-g4cf74bf (webtiles) character file.

6959 RickumRackum the Carver (level 11, 0/87 HPs)
             Began as a Human Fighter on Aug 31, 2016.
             Was a High Priest of Dithmenos.
             Slain by an ice beast (2 damage)
             ... summoned by an ice statue
             ... in an ice cave.
             The game lasted 01:06:25 (8607 turns).

RickumRackum the Carver (Human Fighter)             Turns: 8607, Time: 01:06:25

Health: 0/87       AC: 12    Str: 23    XL:     11   Next: 28%
Magic:  11/11      EV: 11    Int:  9    God:    Dithmenos [*****.]
Gold:   408        SH:  7    Dex:  9    Spells: 0 memorised, 10 levels left

rFire  . . .     SeeInvis .     e - +3 short sword (vamp)
rCold  + + .     Gourm    .     n - +0 chain mail {rPois}
rNeg   + . .     Faith    .     k - +2 buckler
rPois  +         Spirit   .     L - +0 helmet
rElec  .         Dismiss  .     d - +0 cloak of Parts Unknown {rN+ Regen+ Str+3 Stlth-}
rCorr  .         Reflect  .     b - +0 pair of gloves
SustAt .         Harm     .     (no boots)
MR     .....                    (no amulet)
Stlth  ..........               z - +3 ring of evasion
                                w - ring "Anaotes" {rC++ Dex-3} (curse)

@: wreathed by umbra, not resistant to hostile enchantments, extremely
unstealthy
A: no striking features
a: Shadow Step, Shadow Form, Renounce Religion


You were in an ice cave.
You worshipped Dithmenos.
Dithmenos was extremely pleased with you.
You were not hungry.

You visited 3 branches of the dungeon, and saw 10 of its levels.
You also visited: Sewer, Ossuary and Ice Cave.

You collected 721 gold pieces.
You spent 313 gold pieces at shops.

Inventory:

Hand Weapons
 a - a +0 long sword
 e - a +3 vampiric short sword (weapon)
 g - a +3 rapier of electrocution
 t - a +0 hunting sling
 y - a +0 blowgun
 E - a +0 shortbow
Missiles
 h - 311 stones (quivered)
 j - 111 bolts
 l - 8 tomahawks
 m - 144 arrows
 F - 38 sling bullets
 I - 17 poisoned needles
 X - a throwing net
Armour
 b - a +0 pair of gloves (worn)
 c - a +0 shield
 d - the +0 cloak of Parts Unknown (worn) {rN+ Regen+ Str+3 Stlth-}
   (You bought it in a shop on level 6 of the Dungeon)

   It affects your strength (+3).
   It protects you from negative energy.
   It increases your rate of regeneration.
   It makes you less stealthy.
 k - a +2 buckler (worn)
 n - a +0 chain mail of poison resistance (worn)
 L - a +0 helmet (worn)
Jewellery
 w - the cursed ring "Anaotes" (left hand) {rC++ Dex-3}
   (You found it on level 1 of the Lair of Beasts)

   [ring of dexterity]

   It affects your dexterity (-3).
   It greatly protects you from cold.
   It has a curse placed upon it.
 z - a +3 ring of evasion (right hand)
 A - an uncursed ring of sustain attributes
Wands
 v - a wand of enslavement (2/24)
 x - a wand of heal wounds (1/9)
Scrolls
 o - 2 scrolls of teleportation
 u - 3 scrolls of remove curse
 B - 5 scrolls of identify
 H - a scroll of blinking
 S - a scroll of enchant weapon {unknown}
 T - 2 scrolls of fog
 U - 2 scrolls of noise
Potions
 C - 3 potions of curing
 G - a potion of brilliance
 J - 2 potions of flight
 K - a potion of heal wounds
 O - a potion of might
 R - a potion of berserk rage
Books
 D - a book of Transfigurations

   Spells                             Type                      Level
   a - Irradiate                      Conjuration/Transmutation    5
   b - Statue Form                    Transmutation/Earth          6
   c - Hydra Form                     Transmutation                6
   d - Dragon Form                    Transmutation                7
 M - a book of Flames

   Spells                             Type                      Level
   a - Flame Tongue                   Conjuration/Fire             1
   b - Throw Flame                    Conjuration/Fire             2
   c - Conjure Flame                  Conjuration/Fire             3
   d - Inner Flame                    Hexes/Fire                   3
   e - Sticky Flame                   Conjuration/Fire             4
   f - Fireball                       Conjuration/Fire             5
   Dithmenos disapproves of the use of such an item.
Comestibles
 f - 2 bread rations
 i - 4 meat rations
 p - a slice of pizza
 q - 2 royal jellies
 r - 3 beef jerkies
 s - a chunk of flesh
 P - 10 fruits


   Skills:
 + Level 8.4 Fighting
 * Level 5.6(9.1) Short Blades
 * Level 11.0(11.6) Long Blades
 - Level 3.0 Armour
 + Level 8.5 Shields


You had 10 spell levels left.
You didn't know any spells.

Dungeon Overview and Level Annotations

Branches:
Dungeon (8/15)             Temple (1/1) D:6            Lair (1/8) D:8

Altars:
Ashenzari
Cheibriados
Dithmenos
Elyvilon
Fedhas
Gozag
Kikubaaqudgha
Makhleb
Nemelex Xobeh
Okawaru
Qazlal
Ru
Trog
Vehumet
Xom
Yredelemnul
Zin

Shops:
D:6 [   D:8 [

Annotations:
IceCv exclusion: 3 ice statues


Message History

* * * LOW HITPOINT WARNING * * *
The ice beast barely misses you. The ice beast hits you.
* * * LOW HITPOINT WARNING * * *
The ice beast freezes you. You resist.
* * * LOW HITPOINT WARNING * * *
The ice beast hits you but does no damage.
The ice beast hits you.
* * * LOW HITPOINT WARNING * * *
The ice beast freezes you. You resist.
* * * LOW HITPOINT WARNING * * *
You hit the ice beast.
The ice beast is severely wounded.
The ice statue gestures at you. The bolt of cold hits you! You resist.
* * * LOW HITPOINT WARNING * * *
The bolt of cold hits the ice beast.
The ice beast completely resists.
The ice beast hits you.
* * * LOW HITPOINT WARNING * * *
The ice beast freezes you. You resist.
You die...

##### #############
....## ##.....#8YY§.##
.....###......#Y@Y§§.##
......#.....§.#YYY....#
......#......§#.......#
∩..∩........§§........8.
......#.......#.......#.
......#.......#.......#
.....###......#......##
....## ##.....#8....##
##### #############


You could see 3 ice statues and 7 ice beasts.

Vanquished Creatures
  Erica (D:8)
  The ghost of Anatei the Shield-Bearer, a novice DsFi of Trog (D:5)
  2 spiny frogs (Lair:1)
  A black mamba (Lair:1)
  A rime drake (Lair:1)
  Eustachio (D:4)
  A hippogriff (D:5)
  Menkaure (D:7)
  Edmund (D:6)
  Duvessa (D:4)
  3 porcupines (Lair:1)
  An orc warrior (D:8)
  A black bear (D:6)
  3 phantoms
  7 ice beasts
  2 centaurs
  6 ogres
  6 wolves (Lair:1)
  A big kobold (Sewer)
  3 giant frogs
  A water moccasin zombie (D:5)
  Dowan (D:4)
  2 scorpions
  A centaur zombie (D:7)
  2 crimson imps (D:7)
  2 centaur skeletons
  2 giant frog skeletons
  An orc priest (D:6)
  4 hounds
  A jelly (D:5)
  Crazy Yiuf (D:3)
  Ijyb (D:2)
  An iguana (D:8)
  3 orc wizards
  7 worker ants
  3 mummies (Ossuary)
  Robin (D:4)
  7 adders
  9 river rats
  2 shadow imps
  12 white imps (Lair:1)
  An ooze (D:4)
  An adder skeleton (D:5)
  3 adder zombies (Ossuary)
  2 dart slugs
  A worm (D:2)
  4 giant geckos
  11 orcs
  9 giant cockroaches
  23 goblins
  14 hobgoblins
  12 jackals
  4 quokkas
  13 bats
  A giant gecko skeleton (D:4)
  A giant gecko zombie (D:6)
  7 giant newts
  8 goblin zombies (Ossuary)
  A hobgoblin zombie (Ossuary)
  6 kobolds
  3 kobold zombies (Ossuary)
  3 quokka zombies (Ossuary)
  9 rats
  2 rat zombies (D:8)
  A fungus (D:3)
248 creatures vanquished.

Vanquished Creatures (collateral kills)
  A giant frog zombie (D:7)
1 creature vanquished.

Vanquished Creatures (others)
  A sky beast (D:5)
1 creature vanquished.

Grand Total: 250 creatures vanquished

Notes
Turn   | Place    | Note
--------------------------------------------------------------
     0 | D:1      | RickumRackum the Human Fighter began the quest for the Orb.
     0 | D:1      | Reached XP level 1. HP: 18/18 MP: 1/1
    92 | D:1      | Reached XP level 2. HP: 17/24 MP: 2/2
   494 | D:1      | Reached XP level 3. HP: 29/29 MP: 3/3
   858 | D:2      | Found a faded altar to an unknown god.
   869 | D:2      | Became a worshipper of Dithmenos the Shadowed
   869 | D:2      | Reached * piety under Dithmenos
   883 | D:2      | Reached skill level 3 in Long Blades
   918 | D:2      | Found an iron altar of Okawaru.
   925 | D:2      | Reached XP level 4. HP: 28/35 MP: 4/4
  1346 | D:2      | Reached XP level 5. HP: 41/42 MP: 5/5
  1421 | D:2      | Noticed Ijyb
  1441 | D:2      | Reached ** piety under Dithmenos
  1465 | D:2      | Killed Ijyb
  1861 | D:3      | Found a burning altar of Makhleb.
  1916 | D:3      | Found an opulent altar of Gozag.
  2090 | D:3      | Reached skill level 4 in Long Blades
  2432 | D:3      | Noticed Crazy Yiuf
  2444 | D:3      | Killed Crazy Yiuf
  2444 | D:3      | Reached XP level 6. HP: 36/48 MP: 0/6
  2554 | D:4      | Noticed Duvessa
  2554 | D:4      | Noticed Dowan
  2554 | D:4      | Noticed an ogre
  2603 | D:4      | Noticed Eustachio
  2605 | D:4      | Noticed Robin
  2658 | D:4      | Killed Robin
  2671 | D:4      | Killed Eustachio
  2671 | D:4      | Reached skill level 5 in Long Blades
  2671 | D:4      | Reached XP level 7. HP: 26/55 MP: 7/7
  2824 | D:4      | Killed Dowan
  2841 | D:4      | Found a sparkling altar of Nemelex Xobeh.
  2855 | D:4      | Killed Duvessa
  2855 | D:4      | Reached skill level 5 in Shields
  3091 | D:4      | Reached skill level 5 in Fighting
  3091 | D:4      | Reached skill level 6 in Long Blades
  3091 | D:4      | Reached XP level 8. HP: 61/62 MP: 8/8
  3263 | D:4      | Found a stormy altar of Qazlal.
  3718 | D:5      | Entered Level 5 of the Dungeon
  3746 | D:5      | Reached *** piety under Dithmenos
  3746 | D:5      | Reached skill level 7 in Long Blades
  3829 | D:5      | Noticed Anatei's ghost (novice DsFi)
  4037 | D:5      | Killed Anatei's ghost
  4037 | D:5      | Reached XP level 9. HP: 33/69 MP: 9/9
  4394 | D:5      | Reached skill level 8 in Long Blades
  4995 | D:6      | Found a glowing drain.
  5039 | Sewer    | Entered a sewer
  5160 | Sewer    | Found a glowing silver altar of Zin.
  5411 | D:6      | Noticed Edmund
  5446 | D:6      | Killed Edmund
  5446 | D:6      | Reached skill level 9 in Long Blades
  5492 | D:6      | Found Guesukeuly's Antique Armour Shoppe.
  5530 | D:6      | Bought a polished cloak for 313 gold pieces
  5540 | D:6      | Identified the +0 cloak of Parts Unknown {rN+ Regen+ Str+3 Stlth-} (You bought it in a shop on level 6 of the Dungeon)
  5700 | D:6      | Found a staircase to the Ecumenical Temple.
  5718 | Temple   | Entered the Ecumenical Temple
  5889 | D:6      | Reached XP level 10. HP: 79/79 MP: 10/10
  6508 | D:7      | Reached **** piety under Dithmenos
  6525 | D:7      | Noticed Menkaure
  6543 | D:7      | Killed Menkaure
  6543 | D:7      | Reached skill level 1 in Short Blades
  7028 | D:8      | Found a sand-covered staircase.
  7035 | Ossuary  | Entered an ossuary
  7324 | D:8      | Reached skill level 10 in Long Blades
  7538 | D:8      | Noticed Erica
  7553 | D:8      | Killed Erica
  7617 | D:8      | Found Agick's Armour Shoppe.
  7791 | D:8      | Found a staircase to the Lair.
  7845 | Lair:1   | Entered Level 1 of the Lair of Beasts
  7861 | Lair:1   | Noticed a spiny frog
  7886 | Lair:1   | Killed a spiny frog
  8053 | Lair:1   | Noticed a black mamba
  8074 | Lair:1   | Killed a black mamba
  8074 | Lair:1   | Reached XP level 11. HP: 51/86 MP: 11/11
  8151 | Lair:1   | Got a steaming copper ring
  8240 | Lair:1   | Reached skill level 5 in Short Blades
  8386 | Lair:1   | Found a frozen archway.
  8400 | IceCv    | Entered an ice cave
  8402 | IceCv    | Identified the cursed ring "Anaotes" {rC++ Dex-3} (You found it on level 1 of the Lair of Beasts)
  8434 | IceCv    | Reached skill level 11 in Long Blades
  8464 | IceCv    | Reached ***** piety under Dithmenos
  8607 | IceCv    | HP: 3/87 [ice statue/bolt of cold (9)]
  8607 | IceCv    | Slain by an ice beast

Skill      XL: |  1  2  3  4  5  6  7  8  9 10 11 |
---------------+----------------------------------+-----
Long Blades    | 3 4 5 6 7 9 10 11 | 11.0
Shields        | 4 5 6 7 8 |  8.5
Fighting       | 4 5 6 7 8 |  8.4
Short Blades   | 4 5 |  5.6
Armour         | |  3.0

Action                   |  1- 3 |  4- 6 |  7- 9 | 10-12 || total
-------------------------+-------+-------+-------+-------++-------
Melee: Long sword        |   128 |   272 |    25 |       ||   425
       Short sword       |       |       |   621 |   689 ||  1310
Evoke: Wand              |       |       |     4 |     7 ||    11
  Use: Potion            |     2 |     3 |     4 |     2 ||    11
       Scroll            |       |     9 |     5 |     6 ||    20
 Stab: Invisible         |     1 |       |       |       ||     1
  Eat: Chunk             |     1 |     6 |    10 |    10 ||    27
       Bread ration      |       |       |     2 |       ||     2
       Pizza             |       |       |     1 |       ||     1
Armor: Scale mail        |    67 |       |       |       ||    67
       Chain mail        |       |   144 |   220 |   189 ||   553
Dodge: Dodged            |    30 |    95 |   170 |   322 ||   617
Block: Shield            |    62 |    13 |       |       ||    75
       Buckler           |       |   105 |   158 |   232 ||   495
